 Dungeon Crawl Stone Soup version 0.28.0 (webtiles) character file.

Game seed: 17794264059809555267

6 Jango00 the Magician (level 1, 0/10 HPs)
             Began as a Deep Elf Venom Mage on Feb 11, 2022.
             Killed from afar by a dart slug (1 damage)
             ... with a slug dart
             ... on level 2 of the Dungeon.
             The game lasted 00:06:37 (560 turns).

Jango00 the Magician (Deep Elf Venom Mage)           Turns: 560, Time: 00:06:37

Health: 0/10       AC:  3    Str:  5    XL:     1   Next: 75%
Magic:  7/7        EV: 12    Int: 19    God:
Gold:   1          SH:  0    Dex: 15    Spells: 6/7 levels left

rFire   . . .      SeeInvis .   c - +0 club
rCold   . . .      Faith    .   (no shield)
rNeg    . . .      Spirit   .   a - +1 robe
rPois   .          Reflect  .   (no helmet)
rElec   .          Harm     .   (no cloak)
rCorr   .          Rampage  .   (no gloves)
Will    .....                   (no boots)
Stlth   ++........              (no amulet)
HPRegen 0.03/turn               (no ring)
MPRegen 0.10/turn               (no ring)

@: no status effects
A: no striking features
a: no special abilities


You were on level 2 of the Dungeon.
You visited 1 branch of the dungeon, and saw 2 of its levels.

You collected 1 gold pieces.

Inventory:

Hand Weapons
 c - a +0 club (weapon)
 d - a +0 whip
Armour
 a - a +1 robe (worn)
Scrolls
 f - a scroll of immolation


   Skills:
 + Level 2.4 Dodging
 + Level 2.6 Stealth
 + Level 3.5 Spellcasting
 + Level 1.1 Transmutations
 + Level 3.2 Poison Magic


You had 6 spell levels left.
You knew the following spells:

 Your Spells              Type           Power      Damage    Failure   Level
a - Sting                 Tmut/Pois      44%        1d5       6%          1

Your spell library contained the following spells:

 Spells                   Type           Power      Damage    Failure   Level
 Poisonous Vapours        Pois/Air       18%        N/A       11%         2
 Mephitic Cloud           Conj/Pois/Air  7%         N/A       28%         3
 Olgreb's Toxic Radiance  Pois           15%        N/A       36%         4


Dungeon Overview and Level Annotations

Branches:
Dungeon (2/15)

Altars:


Message History

You barely miss the bat.
The gnoll looks more healthy.
The bat hits you but does no damage. x2; The gnoll misses you.
The bat closely misses you.
Aiming: Sting (safe; 6% risk of failure)
Press: ? - help, Q - select action Shift-Dir - straight line, f/p - gnoll
Aim: a gnoll, wielding a +0 club (heavily wounded, 75% to hit)
The sting misses the gnoll.
The bat barely misses you. The gnoll closely misses you.
The bat closely misses you. The bat hits you but does no damage.
The gnoll hits you with a +0 club.
A goblin and a rat come into view.
The bat misses you.
The goblin shouts!
The bat hits you but does no damage. The bat barely misses you.
A dart slug comes into view.
The bat misses you. The rat bites you.
Found 23 arrows.
The goblin completely misses you. The bat completely misses you.
The rat completely misses you. The goblin hits you with a +0 dagger.
The rat bites you.
* * * LOW HITPOINT WARNING * * *
The bat hits you.
* * * LOW HITPOINT WARNING * * *
The bat hits you but does no damage. The dart slug launches a dart at you.
The slug dart hits you but does no damage.
The bat barely misses you. The bat misses you.
Really read the scroll of immolation?
As you read the scroll of immolation, it crumbles to dust.
The creatures around you are filled with an inner flame!
The bat closely misses you. The goblin hits you but does no damage.
The dart slug briefly extends its eye-stalks.
The bat closely misses you. The bat hits you.
* * * LOW HITPOINT WARNING * * *
The goblin closely misses you. The dart slug launches a dart at you.
The slug dart hits you.
You die...

############
##.....#.....##
##.............##
#(..............#
#...........<...#
#.g.........<...#
#@w.............#
#bg.............#
#r..............#
##.............##
##.....#......#
########...#.#
###<#<# #.#)#
#.#.#


You could see a gnoll (inner flame), a dart slug (inner flame), a goblin (inner
flame), a bat (inner flame) and a rat (inner flame).

Vanquished Creatures
  A ball python (D:1)
  3 goblins (D:1)
  A rat (D:1)
5 creatures vanquished.

Notes
Turn   | Place    | Note
-------+----------+-------------------------------------------
     0 | D:1      | Jango00 the Deep Elf Venom Mage began the quest for the
                  | Orb.
     0 | D:1      | Reached XP level 1. HP: 10/10 MP: 6/6
   560 | D:2      | Killed from afar by a dart slug

Illustrated notes

Levels and vault maps discovered:
D:1:      dpeg_arrival_chambers_temple_mockup, layout_basic,
          dreamdust_ecumenical_altar_statues, minmay_misc_feat_doors
D:2:      layout_rooms

Action                   || total
-------------------------++-------
Melee: Club              ||     4
 Cast: Sting             ||    10
  Use: Scroll            ||     4
Armor: Robe              ||    11
Dodge: Dodged            ||    29
